 Dungeon Crawl Stone Soup version 0.29.1-12-g30fa7ad0bf (webtiles) character file.

Game seed: 11697523159243377006

173253 Gabide the Warrior (level 17, -13/153 HPs)
             Began as a Mummy Berserker on Dec 15, 2022.
             Was a High Priest of Trog.
             Mangled by a meliai
             ... wielding a +0 hand axe
              (14 damage)
             ... on level 2 of the Spider Nest.
             The game lasted 01:53:27 (51004 turns).

Gabide the Warrior (Mummy Berserker)               Turns: 51004, Time: 01:53:27

Health: -13/153    AC: 22    Str: 27      XL:     17   Next: 17%
Magic:  0/17       EV: 16    Int:  7 (8)  God:    Trog [*****.]
Gold:   2245       SH:  0    Dex: 13      Spells: 16/16 levels left

rFire   . . .      SeeInvis +     - Unarmed
rCold   + . .      Faith    .   (no shield)
rNeg    + + +      Spirit   +   L - +4 steam dragon scales
rPois   ∞          Reflect  .   g - +2 helmet {SInv}
rElec   .          Harm     .   I - +2 cloak
rCorr   +          Rampage  .   B - +2 pair of gloves
Will    +++..                   q - +1 pair of boots {Fly}
Stlth   ..........              Q - amulet of guardian spirit
HPRegen 0.35/turn               v - ring "Nonupacs" {Will+ rCorr Dex+2}
MPRegen 0.15/turn               k - ring of protection from fire

@: silenced, flying, studying 2 skills
A: cold resistance 1, negative energy resistance 3, torment resistance 2, heat
vulnerability 1, in touch with death 2, no potions
}: 1/15 runes: decaying
a: Renounce Religion


You were on level 2 of the Spider Nest.
You worshipped Trog.
Trog was extremely pleased with you.
You visited 5 branches of the dungeon, and saw 28 of its levels.
You also visited: Ossuary, Bailey and Gauntlet.

You collected 3421 gold pieces.
You spent 1176 gold pieces at shops.

Inventory:

Missiles
 e - 31 boomerangs (quivered)
 r - 9 silver boomerangs
 z - a curare-tipped dart
 A - 17 javelins
 N - 4 boomerangs of dispersal
Armour
 g - a +2 helmet of see invisible (worn)
 l - a +2 pair of boots
 q - a +1 pair of boots of flying (worn)
 t - a +2 chain mail of fire resistance
 B - a +2 pair of gloves (worn)
 D - a +0 cloak of preservation
 E - the +5 chain mail "Sasox" {rElec SInv}
   (You found it on level 11 of the Dungeon)

   rElec:     It insulates you from electricity.
   SInv:      It lets you see invisible.
 I - a +2 cloak (worn)
 L - +4 steam dragon scales (worn)
Jewellery
 d - a ring of protection from cold
 i - a ring of willpower
 k - a ring of protection from fire (right hand)
 m - a ring of resist corrosion
 u - a ring of fire
 v - the ring "Nonupacs" (left hand) {Will+ rCorr Dex+2}
   (You took it off a deep elf pyromancer on level 7 of the Dungeon)

   [ring of willpower]

   Dex:       It affects your dexterity (+2).
   rCorr:     It protects you from acid and corrosion.
   Will:      It increases your willpower.
 y - a ring of flight
 H - an amulet of reflection
 Q - an amulet of guardian spirit (around neck)
Wands
 a - a wand of digging (2)
 o - a wand of flame (36)
 p - a wand of mindburst (39)
 w - a wand of polymorph (19)
 x - a wand of paralysis (9)
 C - a wand of light (5)
 K - a wand of roots (22)
Scrolls
 b - a scroll of fear
 c - 10 scrolls of teleportation
 h - 4 scrolls of magic mapping
 j - 4 scrolls of enchant weapon
 n - a scroll of poison
 s - 6 scrolls of blinking
 G - 17 scrolls of identify
 J - a scroll of brand weapon
 M - 2 scrolls of fog
 P - 2 scrolls of torment
 T - 3 scrolls of vulnerability
Miscellaneous
 F - a phial of floods
 R - a lightning rod (4/4)
 S - a phantom mirror


   Skills:
 * Level 19.2 Fighting
 - Level 6.0 Armour
 - Level 10.0 Dodging
 * Level 18.3 Unarmed Combat


You had 16 spell levels left.
You didn't know any spells.
Your spell library was empty.

Dungeon Overview and Level Annotations

Branches:
Dungeon (15/15)            Temple (0/1) D:5            Lair (5/5) D:10
  Swamp (4/4) Lair:2       Spider (2/4) Lair:3        Slime (0/5) Lair:4
    Orc (2/2) D:12            Elf (0/3) Orc:2        Vaults (0/5) D:13
 Depths (0/4) D:15        Ossuary (visited)          Bailey (visited)
Gauntlet (visited)

Altars:
Cheibriados
Fedhas
Makhleb
Nemelex Xobeh
Okawaru
Qazlal
Ru
Vehumet
Yredelemnul

Shops:
D:2 :   D:9 [(*[!   D:12 *   D:13 =   D:14 :   Orc:1 =([   Orc:2 :[!(

Portals:
Trove: D:11 (give +5 demon trident)


Innate Abilities, Weirdness & Mutations

You are immune to poison.
Your flesh is cold resistant. (rC+)
You are immune to negative energy. (rN+++)
You are immune to unholy pain and torment.
You are vulnerable to heat. (rF-)
You are strongly in touch with the powers of death.
You do not drink.


Message History

The roots lose their grip on something. x2; The meliai closely misses you.
The meliai stings you.
* * * LOW HITPOINT WARNING * * *
The jumping spider closely misses you. The jumping spider bites you.
* * * LOW HITPOINT WARNING * * *
The meliai hits you but does no damage.
The meliai stings you but does no damage.
The meliai barely misses you. The meliai closely misses you.
The meliai completely misses you. The meliai barely misses you.
The meliai hits you but does no damage. The meliai stings you.
* * * LOW HITPOINT WARNING * * *
Press: ? - help, v - describe, . - travel
Here: a meliai, wielding a +0 hand axe and wearing a +0 robe (silenced, lightly wounded, berserk)
The floor.
Unknown command.
Unknown command.
Unknown command.
Unknown command.
You pummel the meliai!! Your punch misses the meliai.
The meliai is almost dead.
The meliai hits you with a +0 hand axe!
* * * LOW HITPOINT WARNING * * *
The meliai misses you. The meliai hits you with a +0 war axe!
* * * LOW HITPOINT WARNING * * *
The meliai misses you. The meliai barely misses you. The meliai misses you.
The jumping spider pounces on you.
* * * LOW HITPOINT WARNING * * *
You are caught in a web!
The jumping spider closely misses you.
The web tears apart.
The meliai hits you but does no damage. The meliai barely misses you.
The meliai hits you but does no damage. The meliai stings you.
* * * LOW HITPOINT WARNING * * *
The meliai hits you with a +0 war axe!
* * * LOW HITPOINT WARNING * * *
The meliai misses you.
The jumping spider pounces on you but does no damage.
The jumping spider bites you.
* * * LOW HITPOINT WARNING * * *
The meliai hits you with a +0 hand axe!
You die...

#...........#
..#.........###
#..................^
#..........##.......
#.......†.##........
#y........##...[....
°sssyy)#yy.......#........
...yyy##yBs...##.#........
...yyy ##@y.####.#........
..... #.### #..........
..#!. ##.# #..#....... .
#. #.# ##.......... .! ###
#....^....## #....#####..
####^#####.. ##.##....
#.##....


You could see a radroach (unsilenced), a queen bee, a jumping spider
(unsilenced), 3 meliai and a killer bee.

Vanquished Creatures
  A thorn hunter (Swamp:4)
  Donald (Swamp:3)
  A fenstrider witch (Swamp:2)
  A ghost moth (Spider:1)
  A caustic shrike zombie (D:15)
  Nessos (D:13)
  6 eleionomae
  A minotaur (Gauntlet)
  3 bunyips
  A fire dragon (Lair:5)
  A shambling mangrove (Swamp:3)
  A salamander tyrant (D:13)
  A boulder beetle (D:12)
  8 vault guards
  Erolcha (D:12)
  17 hydras
  2 ogre magi (Orc:2)
  4 ghost crabs
  A catoblepas (Lair:2)
  A death knight (D:14)
  5 centaur warriors
  5 death yaks
  12 two-headed ogres
  A vampire mage (D:15)
  8 alligators
  3 radroaches
  A deep elf knight (D:15)
  A sun demon (D:12)
  Amaemon (Lair:2)
  6 skeletal warriors
  2 deep trolls (Orc:2)
  A pharaoh ant (Spider:2)
  10 spriggans
  3 spriggan druids
  10 swamp dragons
  4 lindwurms
  2 steelbarb worms
  3 bog bodies
  Pikel (D:7)
  4 deep elf pyromancers
  A necromancer (D:15)
  10 ugly things
  2 deep elf zephyrmancers (D:15)
  2 orc knights
  4 wolf spiders
  6 will-o-the-wisps
  An orc sorcerer (Orc:1)
  4 cyclopes
  A manticore (D:9)
  Maurice (D:12)
  A moth of wrath (Gauntlet)
  4 black mambas
  8 cane toads
  2 gargoyles (D:7)
  A torpor snail (Lair:4)
  An orange demon (Lair:2)
  2 smoke demons
  3 demonic crawlers (Spider:1)
  A kobold demonologist (D:12)
  5 efreet
  A spriggan zombie (D:15)
  5 rime drakes
  9 komodo dragons
  Psyche (D:8)
  10 trolls
  10 polar bears
  3 meliai (Spider:2)
  16 tarantellas
  11 hornets
  Prince Ribbit (D:9)
  12 blink frogs
  5 tyrant leeches
  9 dream sheep
  4 raiju (Lair:5)
  2 jumping spiders
  A shadow (D:9)
  A centaur simulacrum (D:15)
  An ettin skeleton (D:15)
  5 wyverns
  6 wraiths
  7 culicivoras
  A vampire (D:14)
  A spriggan skeleton (D:15)
  21 yaks
  8 basilisks
  4 fire elementals
  A water elemental (D:13)
  21 redbacks
  12 vampire mosquitoes
  A steam dragon (Lair:5)
  20 swamp worms
  9 wargs
  Menkaure (D:7)
  Edmund (D:3)
  3 acid dragons
  16 water moccasins
  Duvessa (D:7)
  14 hell hounds
  An ice beast (D:6)
  19 orc warriors
  9 swamp drakes
  18 black bears
  20 ogres
  A sky beast (D:7)
  23 wolves
  9 boggarts
  3 lemures (D:7)
  14 centaurs
  6 kobold brigands
  2 gnoll sergeants (D:9)
  17 bullfrogs
  A necrophage (D:5)
  5 scorpions
  A wight (D:7)
  Dowan (D:7)
  9 killer bees
  3 electric eels
  8 howler monkeys
  2 crimson imps (Gauntlet)
  2 human zombies (Ossuary)
  2 gnoll boudas (D:7)
  2 centaur zombies (Ossuary)
  18 jellies
  2 hounds
  9 orc priests
  An iron imp (D:9)
  6 hell rats (Lair:1)
  8 iguanas
  23 orc wizards
  4 mummies (Ossuary)
  16 gnolls
  6 adders
  3 shadow imps
  A white imp (D:7)
  An ufetubus (D:7)
  5 worms
  2 dart slugs
  70 orcs
  3 ball pythons
  8 endoplasms
  A giant cockroach (D:4)
  7 hobgoblins
  4 jackals (D:2)
  3 quokkas
  9 bats
  3 frilled lizards
  2 gnoll zombies (Ossuary)
  25 goblins
  2 goblin zombies
  A hobgoblin zombie (Ossuary)
  31 kobolds
  5 rats
909 creatures vanquished.

Vanquished Creatures (collateral kills)
  Nikola (Swamp:1)
  Rupert (Lair:2)
  Josephine (D:13)
  2 hydras
  A two-headed ogre (Orc:2)
  2 hornets (Swamp:1)
  3 spriggans
  2 wraiths (D:13)
  5 swamp worms
  3 ogres (Orc:2)
  An adder (D:4)
  An orc (D:4)
  A quokka (D:4)
  A kobold (D:4)
25 creatures vanquished.

Vanquished Creatures (others)
  A hydra (Swamp:4)
  A spriggan (Swamp:3)
  A swamp dragon (Swamp:4)
  3 bloated husks (Swamp:3)
  A hornet (Swamp:3)
  An orc wizard (Orc:1)
  14 demonic plants (Gauntlet)
  30 foxfires
  18 fungi
  84 plants
  2 withered plants (D:15)
156 creatures vanquished.

Grand Total: 1090 creatures vanquished

Notes
Turn   | Place    | Note
-------+----------+-------------------------------------------
     0 | D:1      | Gabide the Mummy Berserker began the quest for the Orb.
     0 | D:1      | Reached XP level 1. HP: 18/18 MP: 1/1
   702 | D:1      | Reached XP level 2. HP: 21/24 MP: 2/2
  1773 | D:2      | Noticed a scorpion
  1791 | D:2      | Killed a scorpion
  1792 | D:2      | Gained mutation: You are in touch with the powers of death.
                  | [Mummy growth]
  1792 | D:2      | Reached XP level 3. HP: 10/29 MP: 3/3
  1792 | D:2      | Reached XP level 4. HP: 12/35 MP: 4/4
  2460 | D:2      | Reached ** piety under Trog
  2876 | D:2      | Found Piskehir's Book Boutique.
  3225 | D:3      | Reached XP level 5. HP: 42/42 MP: 5/5
  3381 | D:3      | Reached skill level 4 in Fighting
  3434 | D:3      | Found a faded altar of an unknown god.
  4185 | D:4      | Noticed an ogre
  4214 | D:4      | Found a burning altar of Makhleb.
  4424 | D:4      | Found an iron altar of Okawaru.
  4501 | D:4      | Reached XP level 6. HP: 32/49 MP: 6/6
  4675 | D:4      | Noticed Edmund
  4726 | D:3      | Killed Edmund
  4727 | D:3      | Reached skill level 5 in Fighting
  5264 | D:5      | Entered Level 5 of the Dungeon
  5332 | D:5      | Reached XP level 7. HP: 37/56 MP: 7/7
  5635 | D:5      | Found a staircase to the Ecumenical Temple.
  5694 | D:5      | Reached skill level 5 in Unarmed Combat
  5886 | D:5      | Noticed a hornet
  5917 | D:5      | Killed a hornet
  5917 | D:5      | Reached *** piety under Trog
  5918 | D:5      | Reached skill level 6 in Fighting
  5918 | D:5      | Reached XP level 8. HP: 28/65 MP: 8/8
  6153 | D:5      | Noticed a troll
  6163 | D:5      | Killed a troll
  6164 | D:5      | Reached skill level 7 in Fighting
  6514 | D:6      | Found a radiant altar of Vehumet.
  6823 | D:6      | Reached skill level 8 in Fighting
  6823 | D:6      | Reached XP level 9. HP: 72/74 MP: 9/9
  7474 | D:7      | Noticed Duvessa
  7476 | D:7      | Noticed Dowan
  7481 | D:7      | Killed Duvessa
  7493 | D:7      | Killed Dowan
  7504 | D:7      | Found a flagged portal.
  7520 | Bailey   | Entered a bailey
  8522 | D:7      | Noticed a gargoyle
  8524 | D:7      | Noticed a seven-headed hydra
  8559 | D:7      | Reached **** piety under Trog
  8590 | D:7      | Identified the ring "Nonupacs" {Will+ rCorr Dex+2}
  8590 | D:7      | Noticed a deep elf pyromancer
  8620 | D:7      | Noticed a gargoyle
  8623 | D:7      | Killed a gargoyle
  8624 | D:7      | Reached skill level 9 in Fighting
  8635 | D:7      | Killed a deep elf pyromancer
  8636 | D:7      | Reached XP level 10. HP: 41/83 MP: 10/10
  8847 | D:7      | Noticed Pikel
  8898 | D:7      | Killed Pikel
  8899 | D:7      | Reached skill level 5 in Dodging
  9736 | D:7      | Noticed Menkaure
  9744 | D:7      | Killed Menkaure
  9841 | D:7      | Identified the +7 dagger "Geihic Qawa" {freeze, rF+ Dex+4}
  9982 | D:7      | Found a sacrificial altar of Ru.
  9998 | D:7      | Killed a gargoyle
  9999 | D:7      | Reached skill level 10 in Fighting
 10111 | D:8      | Noticed Psyche
 10122 | D:8      | Killed Psyche
 10203 | D:8      | Found a sand-covered staircase.
 10212 | D:8      | Reached ***** piety under Trog
 10221 | Ossuary  | Entered an ossuary
 11158 | D:9      | Found Ytofeiry's Antique Armour Boutique.
 11208 | D:9      | Bought a runed cloak for 240 gold pieces
 11214 | D:9      | Found Veymuy's Distillery.
 11468 | D:9      | Found a sacrificial altar of Ru.
 11486 | D:9      | Reached skill level 10 in Unarmed Combat
 11719 | D:9      | Found Peikhog's General Store.
 11726 | D:9      | Bought a scroll of enchant armour for 82 gold pieces
 11729 | D:9      | Found Saocsimo's Armour Shoppe.
 11731 | D:9      | Noticed Prince Ribbit
 11743 | D:9      | Killed Prince Ribbit
 11859 | D:9      | Found a runed translucent door.
 11993 | D:9      | Noticed a manticore
 12000 | D:9      | Killed a manticore
 12001 | D:9      | Reached XP level 11. HP: 89/92 MP: 11/11
 12198 | D:9      | Found a snail-covered altar of Cheibriados.
 12211 | D:9      | Found Pakhimet's Antique Weapon Shoppe.
 12222 | D:9      | Noticed a two-headed ogre
 12230 | D:9      | Received a gift from Trog
 12231 | D:9      | Reached skill level 11 in Fighting
 12235 | D:9      | Killed a two-headed ogre
 12495 | D:9      | Found a basalt altar of Yredelemnul.
 12561 | D:10     | Entered Level 10 of the Dungeon
 12723 | D:10     | Found a sparkling altar of Nemelex Xobeh.
 12723 | D:10     | Found a stormy altar of Qazlal.
 12840 | D:10     | Found a staircase to the Lair.
 13005 | D:10     | Found a blossoming altar of Fedhas.
 13478 | D:10     | Identified the +0 robe of the Little Devil {rN++}
 13909 | D:7      | Killed an eight-headed hydra
 14713 | D:11     | Noticed a brown ugly thing
 14733 | D:11     | Killed a brown ugly thing
 14734 | D:11     | Reached skill level 12 in Fighting
 15179 | D:11     | Noticed a two-headed ogre
 15195 | D:11     | Killed a two-headed ogre
 15584 | D:11     | Found a sacrificial altar of Ru.
 15596 | D:11     | Identified the +5 chain mail "Sasox" {rElec SInv}
 15640 | D:11     | Found a portal to a secret trove of treasure.
 16097 | D:12     | Noticed a boulder beetle
 16208 | D:12     | Killed a boulder beetle
 16654 | D:12     | Reached XP level 12. HP: 95/102 MP: 12/12
 16657 | D:12     | Received a gift from Trog
 16921 | D:12     | Found Sogumoc's General Store.
 16999 | D:12     | Found a staircase to the Orcish Mines.
 17082 | D:9      | Bought +0 steam dragon scales for 560 gold pieces
 17257 | Lair:1   | Entered Level 1 of the Lair of Beasts
 18772 | Lair:2   | Identified the +4 war axe of Precise Incision {drain, Will+
                  | Str+6 Dex+3}
 18786 | Lair:2   | Reached skill level 13 in Fighting
 19893 | Lair:2   | Noticed an eight-headed hydra
 19897 | Lair:2   | Killed an eight-headed hydra
 19898 | Lair:2   | Noticed an eight-headed hydra
 20195 | Lair:2   | Killed an eight-headed hydra
 20466 | Lair:2   | Found a staircase to the Swamp.
 20609 | Lair:3   | Noticed Amaemon
 20609 | Lair:3   | Noticed a death yak
 20610 | Lair:3   | Noticed a death yak
 20612 | Lair:3   | Noticed a death yak
 20612 | Lair:3   | Noticed a death yak
 20621 | Lair:2   | Killed Amaemon
 20751 | Lair:3   | Noticed a catoblepas
 20765 | Lair:2   | Killed a catoblepas
 20884 | Lair:3   | Noticed Rupert
 21318 | Lair:3   | Noticed a death yak
 21337 | Lair:2   | Killed a death yak
 21338 | Lair:2   | Gained mutation: You are strongly in touch with the powers
                  | of death. [Mummy growth]
 21338 | Lair:2   | Reached XP level 13. HP: 108/112 MP: 13/13
 21693 | Lair:1   | Reached skill level 14 in Fighting
 23248 | Lair:2   | Killed Rupert
 23836 | Lair:3   | Found a hole to the Spider Nest.
 25312 | Lair:4   | Reached skill level 15 in Fighting
 25776 | Lair:4   | You fall into a shaft and drop 1 floor!
 25776 | Lair:5   | Entered Level 5 of the Lair of Beasts
 25799 | Lair:4   | Received a gift from Trog
 26142 | Lair:4   | Found a staircase to the Slime Pits.
 27144 | Lair:5   | Reached XP level 14. HP: 82/123 MP: 14/14
 28754 | Lair:5   | Received a gift from Trog
 29049 | Lair:5   | Reached skill level 16 in Fighting
 29251 | Lair:5   | Reached skill level 15 in Unarmed Combat
 29696 | D:13     | Noticed Maurice
 29818 | D:12     | Killed Maurice
 30029 | D:13     | Noticed Erolcha
 30763 | D:12     | Killed Erolcha
 31569 | D:13     | Noticed Nessos
 31631 | D:13     | Killed Nessos
 31644 | D:13     | Noticed Josephine
 31652 | D:13     | Killed Josephine
 32014 | D:13     | Found a gate to the Vaults.
 32217 | D:13     | Found Boisaewk's Jewellery Shoppe.
 32387 | D:13     | You fall into a shaft and drop 2 floors!
 32387 | D:15     | Entered Level 15 of the Dungeon
 32465 | D:15     | Reached skill level 5 in Armour
 32700 | D:15     | Found a staircase to the Depths.
 32701 | D:15     | Received a gift from Trog
 33176 | D:14     | Found Deschek's Book Boutique.
 33220 | D:14     | Found a gate leading to a gauntlet.
 33228 | Gauntlet | Entered a Gauntlet
 33228 | Gauntlet | Found a transporter.
 33228 | Gauntlet | Found a transporter.
 33232 | Gauntlet | Found a transporter.
 33243 | Gauntlet | Found a transporter.
 33257 | Gauntlet | Found a transporter.
 33267 | Gauntlet | Found a transporter.
 33284 | Gauntlet | Found a transporter.
 33293 | Gauntlet | Found a transporter.
 33295 | Gauntlet | Found a transporter.
 33295 | Gauntlet | Found a transporter.
 33326 | Gauntlet | Found a transporter.
 33340 | Gauntlet | Found a transporter.
 33388 | Gauntlet | Found a transporter.
 33402 | Gauntlet | Found a transporter.
 33504 | Gauntlet | Found a transporter.
 33520 | Gauntlet | Found a transporter.
 33723 | Gauntlet | Reached XP level 15. HP: 117/131 MP: 15/15
 33958 | Gauntlet | Identified the +4 hand axe "Haeguwk" {freeze, Dex+3}
 37207 | Orc:1    | Entered Level 1 of the Orcish Mines
 37324 | Orc:2    | Entered Level 2 of the Orcish Mines
 37338 | Orc:2    | Found Utoitoc's Weapon Shoppe.
 37440 | Orc:2    | Reached skill level 17 in Fighting
 37867 | Orc:2    | Found Viemugoh's Distillery.
 37930 | Orc:2    | Found Dorgh's Armour Emporium.
 37931 | Orc:2    | Found Guuzun's Book Shoppe.
 38334 | Orc:1    | Received a gift from Trog
 38366 | Orc:1    | Found Xaineunk's Weapon Shoppe.
 38407 | Orc:1    | Found Leateo Kept's Jewellery Boutique.
 39084 | Orc:2    | Found a staircase to the Elven Halls.
 39204 | Orc:1    | Found Osisk's Antique Armour Shop.
 39211 | Orc:1    | Bought a pair of heavily runed boots for 294 gold pieces
 39211 | Orc:1    | Identified the +0 pair of boots of the Other World {Harm
                  | +Blink rF- Str+2} (You bought it in a shop on level 1 of
                  | the Orcish Mines)
 39409 | Swamp:1  | Entered Level 1 of the Swamp
 39969 | Swamp:1  | Noticed Nikola
 39994 | Swamp:1  | Killed Nikola
 39994 | Swamp:1  | Received a gift from Trog
 39995 | Swamp:1  | Reached XP level 16. HP: 34/141 MP: 4/16
 40578 | Swamp:1  | Identified the +7 war axe of Gloom {vorpal, rC+}
 42692 | Swamp:3  | HP: 6/143 [spriggan rider/+0 spear (16)]
 43422 | Swamp:2  | Reached skill level 18 in Fighting
 43884 | Swamp:3  | Identified the +3 scale mail of the Equator {Harm}
 44469 | Swamp:3  | Noticed Donald
 44488 | Swamp:3  | Killed Donald
 45038 | Swamp:4  | Entered Level 4 of the Swamp
 45167 | Swamp:4  | Noticed a thorn hunter
 45222 | Swamp:4  | HP: 3/145 [lindwurm/blast of flame[a spriggan druid] (25)]
 46163 | Swamp:4  | Reached skill level 10 in Dodging
 46779 | Swamp:4  | Killed a thorn hunter
 47455 | Swamp:4  | Got a decaying rune of Zot
 47881 | Swamp:4  | Identified the +8 flail "Enguuteo" {vamp, rC+}
 48235 | Spider:1 | Entered Level 1 of the Spider Nest
 48933 | Spider:1 | Reached XP level 17. HP: 131/151 MP: 13/17
 49118 | Spider:1 | Reached skill level 19 in Fighting
 50998 | Spider:2 | Received a gift from Trog
 51004 | Spider:2 | HP: 7/153 [meliai/+0 war axe (6)]
 51004 | Spider:2 | HP: 1/153 [jumping spider (6)]
 51004 | Spider:2 | Mangled by a meliai

Illustrated notes

Levels and vault maps discovered:
D:1:      roderic_crop_circles_arrival_small, layout_loops_corners,
          chequers_jeans
D:2:      layout_loops_corners, serial_shops, shop, kennysheep_generic_room_7
D:3:      layout_loops_corners, chequers_ecumenical_altar_simple,
          wander_ebering_terrifying_dragon_lair
D:4:      layout_cave_pools, zin_scriptorium, bloody_makhleb,
          mainiacjoe_overflow_six_doors_small, uniq_edmund
D:5:      layout_basic, minmay_temple_entry_grid, minmay_chambers_of_fives
D:6:      layout_basic, general_overflow_altar
D:7:      minmay_the_grid_square_5x5_3x3 [minmay_the_grid_square_5x5_inset,
          minmay_the_grid_square_5x5_broken_cross,
          minmay_the_grid_square_5x5_percent,
          minmay_the_grid_square_5x5_longway,
          minmay_the_grid_square_5x5_megaprize_crossed,
          minmay_the_grid_square_5x5_n_small,
          minmay_the_grid_square_5x5_shrine1,
          minmay_the_grid_square_5x5_doubleslash,
          minmay_the_grid_square_5x5_bite], layout_loops_ring, enter_bailey_3,
          uniq_duvessa, uniq_pikel, uniq_menkaure
D:8:      layout_cave_pools, lightli_ossuary_entry_decrepit_ruins, uniq_psyche
D:9:      layout_cave_pods, dk_yredelemnul_ordeal,
          mainiacjoe_overflow_small_starburst, slow_altar_1, serial_shops,
          nicolae_shop_advertising_works [nicolae_subvault_shop_adworks], shop,
          nicolae_shop_crystal, nicolae_stop_n_shop_2, nicolae_stop_n_shop_1,
          uniq_prince_ribbit1
D:10:     layout_grid_maze, mainiacjoe_overflow_paths,
          gammafunk_temple_overflow_pools, tso_metal_star,
          minmay_lair_entry_grove
D:11:     statuecave_lemuel, layout_irregular_city, nicolae_trove_entry_crystal,
          hangedman_ru_absence
D:12:     layout_cave_pools, hiddenorc1_lemuel, serial_shops, shop_statue
D:13:     minmay_firetagon, layout_rooms, erik_vaults_2, serial_shops, shop,
          hex_intersection, nrook_pool_corridor, uniq_maurice, uniq_josephine,
          uniq_erolcha, uniq_nessos
D:14:     layout_loops_corners, gauntlet_entry_generic, hangedman_decor_points,
          serial_shops, nicolae_stop_n_shop_2, kennysheep_nondescript
D:15:     gammafunk_depths_entry_grave, layout_irregular_city,
          grunt_decor_fettered
Lair:1:   layout_hall_layers, grunt_megastairs_2, infiniplex_staircase_pool,
          lemuel_fruit_fields, lemuel_fruit_tree
Lair:2:   layout_small_grid, palyth_hydra_swamp_entry
Lair:3:   onia_ninara_swampy_vault, layout_misc_corridors,
          spider_nest_entry_funnel_web, serial_bayou_shore_a, uniq_rupert,
          uniq_amaemon
Lair:4:   layout_roguey, minmay_slime_entry_jelly_boxes
Lair:5:   hangedman_lair_caniforms_friends, layout_cave_pods,
          guppyfry_lair_end_dragon
Swamp:1:  layout_basic_swamp, evilmike_swamp_ruin_house_1, uniq_nikola
Swamp:2:  layout_falls_marsh, nicolae_swamp_tree_designs
Swamp:3:  layout_basic_swamp, evilmike_swamp_ruin_house_2, uniq_donald
Swamp:4:  swamp_alternative, layout_basic_swamp
Spider:1: layout_spider_delve
Spider:2: layout_chambers, special_room [special_room_bee], nicolae_orb_island
Orc:1:    layout_diamond_mine, serial_shops, shop_fountains,
          nicolae_shop_temple_entry_statues_fountains, shop_fountains
Orc:2:    st_orc_open, layout_caves

Skill      XL: |  1  2  3  4  5  6  7  8  9 10 11 12 13 14 15 16 17 |
---------------+----------------------------------------------------+-----
Armour         | 2 6 |  6.0
Dodging        | 2 3 4 5 6 7 8 9 10 | 10.0
Unarmed Combat | 3 4 5 7 8 10 12 13 14 16 17 18 | 18.3
Fighting       | 4 5 6 8 9 10 12 13 15 16 17 18 19 | 19.2

Action                   |  1- 3 |  4- 6 |  7- 9 | 10-12 | 13-15 | 16-18 || total
-------------------------+-------+-------+-------+-------+-------+-------++-------
Melee: Unarmed           |   114 |    36 |   275 |  1058 |  1625 |   686 ||  3794
       Punch             |     1 |     8 |    17 |   101 |   174 |    77 ||   378
       Dagger            |       |   100 |    40 |       |       |       ||   140
 Fire: Sling             |       |    58 |       |       |       |       ||    58
Throw: Javelin           |     5 |    12 |    11 |     4 |    21 |     4 ||    57
       Dart              |       |     4 |     5 |     3 |     7 |     2 ||    21
       Boomerang         |       |       |    42 |    47 |    65 |    44 ||   198
Invok: Trog's Hand       |       |     5 |     2 |     4 |     4 |     3 ||    18
       Brothers in Arms  |       |       |       |     3 |     5 |     4 ||    12
Evoke: Wand              |       |       |    26 |     9 |    12 |     3 ||    50
  Use: Scroll            |     3 |     4 |     6 |    11 |    14 |    12 ||    50
 Stab: Paralysed         |       |       |     4 |       |       |       ||     4
       Invisible         |       |       |       |     1 |     4 |       ||     5
       Sleeping          |       |       |       |       |     3 |     1 ||     4
       Distracted        |       |       |       |       |     1 |       ||     1
Armor: Animal skin       |    20 |       |       |       |       |       ||    20
       Leather armour    |     7 |    23 |       |       |       |       ||    30
       Chain mail        |       |    16 |   172 |   533 |     9 |       ||   730
       Steam dragon scal |       |       |       |   116 |   652 |   393 ||  1161
Dodge: Dodged            |    85 |    75 |   144 |   617 |   965 |   540 ||  2426
Block: Other             |       |       |       |   166 |   218 |       ||   384
       Reflection        |       |       |       |     2 |     7 |       ||     9
